 Dungeon Crawl Stone Soup version 0.27.1-33-g824d729ab1 (webtiles) character file.

Game seed: 7010917833592764846

512 spaced the Grave Robber (level 6, -5/32 HPs)
             Began as a Deep Elf Necromancer on Nov 30, 2021.
             Slain by a sky beast (6 damage)
             ... on level 5 of the Dungeon.
             The game lasted 00:21:35 (5956 turns).

spaced the Grave Robber (Deep Elf Necromancer)      Turns: 5956, Time: 00:21:36

Health: -5/32      AC:  4    Str:  5    XL:     6   Next: 99%
Magic:  18/18      EV: 17    Int: 22    God:
Gold:   239        SH:  0    Dex: 15    Spells: 2/19 levels left

rFire    . . .     SeeInvis .   m - +0 short sword
rCold    . . .     Faith    .   (no shield)
rNeg     . . .     Spirit   .   a - +0 robe
rPois    .         Reflect  .   (no helmet)
rElec    .         Harm     .   (no cloak)
rCorr    .         Rampage  .   d - +0 pair of gloves
Will     .....                  x - +0 pair of boots
Stlth    ++........             (no amulet)
HPRegen  0.10/turn              i - ring of wizardry
MPRegen  0.16/turn              o - +4 ring of evasion

@: no status effects
A: no striking features
a: no special abilities


You were on level 5 of the Dungeon.
You visited 1 branch of the dungeon, and saw 7 of its levels.

You collected 239 gold pieces.

Inventory:

Hand Weapons
 m - a +0 short sword (weapon)
Armour
 a - a +0 robe (worn)
 d - a +0 pair of gloves (worn)
 x - a +0 pair of boots (worn)
Jewellery
 c - a ring of protection from fire
 i - a ring of wizardry (left hand)
 k - a ring of protection from fire
 l - a ring of resist corrosion
 n - a +6 ring of intelligence
 o - a +4 ring of evasion (right hand)
 q - a +4 ring of protection
Wands
 p - a wand of digging (4)
Scrolls
 g - a scroll of teleportation
 r - a scroll of amnesia {unknown}
 s - 2 scrolls of magic mapping {unknown}
 u - a scroll of summoning {unknown}
 v - 2 scrolls of fog {unknown}
 w - a scroll of enchant armour {unknown}
 y - a scroll of immolation {unknown}
Potions
 b - 2 potions of attraction
 e - a potion of flight
 f - a potion of lignification {unknown}
 h - a potion of invisibility {unknown}
 j - a potion of magic
 t - 2 potions of mutation {unknown}


   Skills:
 + Level 0.1 Fighting
 + Level 0.6 Short Blades
 + Level 2.8 Dodging
 + Level 2.8 Stealth
 + Level 7.1 Spellcasting
 + Level 7.7 Necromancy


You had 2 spell levels left.
You knew the following spells:

 Your Spells              Type           Power      Damage    Failure   Level
a - Pain                  Necr           100%       1d9       1%          1
b - Animate Skeleton      Necr           82%        N/A       1%          1
c - Vampiric Draining     Necr           20%        2d8       1%          3
d - Animate Dead          Necr           20%        N/A       1%          4
e - Mephitic Cloud        Conj/Pois/Air  7%         N/A       10%         3
f - Agony                 Necr           41%        N/A       4%          5

Your spell library contained the following spells:

 Spells                   Type           Power      Damage    Failure   Level
 Conjure Flame            Conj/Fire      7%         6-21      10%         3
 Ignite Poison            Fire/Tmut/Pois 7%         N/A       10%         3
 Cause Fear               Hex            3%         N/A       32%         4
 Sticky Flame             Conj/Fire      7%         2d3       32%         4
 Bolt of Magma            Conj/Fire/Erth 3%         4d5       63%         5
 Dragon Form              Tmut           3%         N/A       100%        7
 Dragon's Call            Summ           3%         N/A       100%        9


Dungeon Overview and Level Annotations

Branches:
Dungeon (7/15)             Temple (0/1) D:6

Altars:
Dithmenos
Fedhas
Qazlal


Message History

Found a stone staircase leading up.
There is a stone staircase leading up here.
You climb upwards.
Found a shadowy altar of Dithmenos.
There is a stone staircase leading down here.
There is a shadowy altar of Dithmenos here.
A sky beast comes into view.
An orc comes into view. It is wielding a +0 whip.
Found a stone staircase leading up.
Found a scroll labelled VEELOUNEUWN.
Found a staircase to the Ecumenical Temple.
There is a stone staircase leading up here.
Found 16 gold pieces.
Found a stone staircase leading up.
An adder and an ice beast come into view.
The sky beast flickers out of sight!
Deactivating autopickup; reactivate with Ctrl-A.
Something hits you. Something shocks you.
A centaur zombie comes into view.
You hit something. Something hits you but does no damage.
You hit something but do no damage. Something hits you. Something shocks you.
You miss something. Something hits you. Something shocks you.
A sky beast appears from thin air!
Reactivating autopickup.
The sky beast hits you.
* * * LOW HITPOINT WARNING * * *
The sky beast shocks you.
* * * LOW HITPOINT WARNING * * *
The centaur zombie misses you. The centaur zombie closely misses you.
The sky beast flickers out of sight!
Deactivating autopickup; reactivate with Ctrl-A.
There is a stone staircase leading up here.
You climb upwards.
Reactivating autopickup.
Found a stone staircase leading up.
There is a stone staircase leading down here.
The orc shouts!
Something hits you.
* * * LOW HITPOINT WARNING * * *
Something shocks you.
You die...

### ..# #.# #.#
#.#
.#<#.##.#######.
.......@>.ooooo.
##...##########.
... .


You could see an orc wizard (wandering) and 4 orcs.

Vanquished Creatures
  An orc warrior (D:7)
  A sky beast (D:7)
  Blork the orc (D:4)
  A jelly (D:4)
  An iguana (D:7)
  A howler monkey zombie (D:6)
  8 adders
  4 gnolls
  An ufetubus (D:4)
  2 worms (D:3)
  A dart slug (D:3)
  7 orcs
  5 ball pythons
  5 endoplasms
  2 giant cockroaches
  A goblin (D:1)
  8 hobgoblins
  2 jackals (D:2)
  6 kobolds (D:3)
  7 quokkas
  4 bats
  A frilled lizard (D:1)
  A rat (D:3)
71 creatures vanquished.

Vanquished Creatures (collateral kills)
  An orc (D:4)
1 creature vanquished.

Grand Total: 72 creatures vanquished

Notes
Turn   | Place    | Note
-------+----------+-------------------------------------------
     0 | D:1      | spaced the Deep Elf Necromancer began the quest for the
                  | Orb.
     0 | D:1      | Reached XP level 1. HP: 10/10 MP: 6/6
    45 | D:1      | Found a faded altar of an unknown god.
   278 | D:1      | Reached skill level 5 in Necromancy
   773 | D:1      | Reached XP level 2. HP: 10/15 MP: 4/8
  1733 | D:2      | Reached XP level 3. HP: 12/19 MP: 2/10
  1735 | D:2      | Learned a level 1 spell: Animate Skeleton
  1739 | D:2      | Learned a level 3 spell: Vampiric Draining
  2281 | D:2      | Reached XP level 4. HP: 21/24 MP: 9/12
  3490 | D:3      | Learned a level 4 spell: Animate Dead
  3494 | D:3      | Learned a level 3 spell: Mephitic Cloud
  3673 | D:3      | Reached skill level 5 in Spellcasting
  3673 | D:3      | Reached XP level 5. HP: 25/28 MP: 9/14
  4154 | D:4      | Found a blossoming altar of Fedhas.
  4279 | D:4      | Noticed Blork the orc
  4287 | D:4      | Killed Blork the orc
  4819 | D:4      | Reached XP level 6. HP: 28/32 MP: 12/17
  4825 | D:4      | Learned a level 5 spell: Agony
  4859 | D:4      | Noticed a fire elemental
  4862 | D:4      | Found a stormy altar of Qazlal.
  4863 | D:4      | Noticed an air elemental
  4863 | D:4      | Noticed a water elemental
  4993 | D:4      | You fall into a shaft and drop 3 floors!
  5111 | D:6      | Noticed an orc warrior
  5118 | D:7      | Killed an orc warrior
  5379 | D:7      | HP: 1/32 [iguana (13)]
  5798 | D:7      | Noticed a sky beast
  5826 | D:7      | Killed a sky beast
  5912 | D:6      | Found a shadowy altar of Dithmenos.
  5925 | D:6      | Noticed a sky beast
  5940 | D:6      | Found a staircase to the Ecumenical Temple.
  5942 | D:6      | Noticed an ice beast
  5955 | D:5      | Entered Level 5 of the Dungeon
  5956 | D:5      | HP: 1/32 [something (2)]
  5956 | D:5      | Slain by a sky beast

Illustrated notes

Levels and vault maps discovered:
D:1:      co_arrival_random_square_maze, layout_loops_ring,
          basic_ecumenical_altar
D:2:      layout_basic, minmay_pentomino_pile
D:3:      layout_basic, st_stairs_10
D:4:      layout_rooms, lemuel_doored_altar, nicolae_qazlal_style_of_elements,
          mainiacjoe_overflow_two_lobes, uniq_blork_the_orc
D:5:      layout_loops_ring, led_sif_pool, ebering_ghost_disaster_area,
          uniq_sigmund
D:6:      layout_loops_cross, nicolae_tso_swordbearing_angel,
          grunt_gozag_statues, grunt_dithmenos_smoke, minmay_temple_entry_glass,
          minmay_misc_feat_secret_circle, nzn_random_ring, uniq_grinder,
          uniq_edmund
D:7:      layout_rooms

Skill      XL: |  1  2  3  4  5  6 |
---------------+-------------------+-----
Necromancy     | 5 6 7 |  7.7
Spellcasting   | 4 5 6 7 |  7.1
Fighting       | |  0.1
Short Blades   | |  0.6
Dodging        | |  2.8
Stealth        | |  2.8

Action                   |  1- 3 |  4- 6 || total
-------------------------+-------+-------++-------
Melee: Short sword       |       |    18 ||    18
 Cast: Pain              |    55 |    81 ||   136
       Vampiric Draining |       |    21 ||    21
       Animate Skeleton  |       |     6 ||     6
       Animate Dead      |       |     2 ||     2
       Agony             |       |     1 ||     1
  Use: Scroll            |       |     4 ||     4
Armor: Robe              |     1 |    10 ||    11
Dodge: Dodged            |     6 |    60 ||    66
